 Dungeon Sprint DCSS version 0.17-a0-1150-g17b0b87 (webtiles) character file.

271 nuthulu the Grappler (level 6, -4/68 HPs)
             Began as a Troll Berserker on May 27, 2015.
             Was a Believer of Trog.
             Slain by a slime creature (13 damage)
             ... in the Dungeon (Sprint I: "Red Sonja").
             The game lasted 00:00:43 (102 turns).

nuthulu the Grappler (Troll Berserker)               Turns: 102, Time: 00:00:43

Health: -4/68      AC:  5    Str: 26    XL:     6   Next: 2%
Magic:  5/5        EV: 12    Int:  3    God:    Trog [**....]
Gold:   162        SH:  0    Dex: 11    Spells: 0 memorised, 5 levels left

rFire  . . .     SeeInvis .       - Unarmed
rCold  . . .     Clarity  .     a - +0 animal skin
rNeg   . . .     SustAt   .     (no shield)
rPois  .         Gourm    +     (helmet restricted)
rElec  .         Spirit   .     (no cloak)
rCorr  .         Warding  .     (gloves unavailable)
rMut   .         NoTele   +     (boots unavailable)
MR     .....                    (no amulet)
Stlth  +.........               (no ring)
                                (no ring)

@: not resistant to hostile enchantments, very unstealthy
A: unfitting armour, claws 3, fast metabolism 3, gourmand, regeneration 2,
shaggy fur 1, tough skin 2
a: Burn Spellbooks, Berserk, Trog's Hand, Renounce Religion


You were in the Dungeon.
You worshipped Trog.
Trog was pleased with you.
You were not hungry.

You visited 1 branch You collected 162 gold pieces.

Inventory:

Armour
 a - a +0 animal skin (worn)
Scrolls
 h - a scroll of blinking
Potions
 c - a potion of curing
 d - 2 potions of heal wounds
 e - a potion of haste
 f - 2 potions of magic
 g - a potion of berserk rage
Comestibles
 b - 2 bread rations


   Skills:
 * Level 6.5 Fighting
 * Level 6.2 Dodging
 * Level 8.1 Unarmed Combat


You had 5 spell levels left.
You didn't know any spells.

Dungeon Overview and Level Annotations

Branches:
Dungeon (1/1)

Altars:
Cheibriados
Dithmenos
Fedhas
Jiyva


Innate Abilities, Weirdness & Mutations

You are too large for most types of armour.
You have claws for hands.
Your metabolism is lightning-fast.
You like to eat raw meat.
You heal very quickly.
You are covered in fur (AC +1).
You have very tough skin (AC +2).


Message History

The slime creature hits you!!
You barely miss the slime creature.
The slime creature is lightly wounded.
The slime creature hits you.
You mangle the slime creature!!
The slime creature is moderately wounded.
You scratch the slime creature but do no damage.
The slime creature is moderately wounded.
The slime creature hits you!!
* * * LOW HITPOINT WARNING * * *
Drink which item? (? for menu, Esc to quit)
Okay, then.
You scratch the slime creature.
The slime creature is moderately wounded.
The slime creature hits you!
* * * LOW HITPOINT WARNING * * *
You scratch the slime creature.
The slime creature is moderately wounded.
The slime creature hits you!
You die...

###################
#<.#..').#.)'..#__#
#..').#..'..#..@J.+
#..#####'#####+#__#
#..# #..# ### #..#
#### #..# #⌠⌠# ####


You could see a slime creature.

Vanquished Creatures
  Sigmund (D)
  An ogre (D)
  Ijyb (D)
3 creatures vanquished.

Notes
Turn   | Place    | Note
--------------------------------------------------------------
     0 | D        | nuthulu the Troll Berserker began the quest for the Orb.
     0 | D        | Reached XP level 1. HP: 22/22 MP: 0/0
     2 | D        | Noticed Ijyb
    16 | D        | Killed Ijyb
    16 | D        | Reached skill level 4 in Unarmed Combat
    16 | D        | Reached XP level 2. HP: 25/32 MP: 1/1
    19 | D        | Noticed an ogre
    24 | D        | Killed an ogre
    24 | D        | Acquired Trog's second power
    24 | D        | Reached skill level 5 in Fighting
    24 | D        | Reached skill level 6 in Unarmed Combat
    24 | D        | Reached XP level 3. HP: 21/42 MP: 2/2
    24 | D        | Reached XP level 4. HP: 25/50 MP: 3/3
    75 | D        | Noticed Sigmund
    82 | D        | Killed Sigmund
    82 | D        | Reached skill level 8 in Unarmed Combat
    82 | D        | Reached XP level 5. HP: 57/61 MP: 4/4
    82 | D        | Reached XP level 6. HP: 63/68 MP: 5/5
    95 | D        | Found a snail-covered altar of Cheibriados.
    95 | D        | Found a viscous altar of Jiyva.
    95 | D        | Found a shadowy altar of Dithmenos.
    95 | D        | Found a blossoming altar of Fedhas.
    95 | D        | Noticed a slime creature
   102 | D        | Slain by a slime creature

Vault maps used:
D:        dungeon_sprint_1

Action                   |  1- 3 |  4- 6 || total
-------------------------+-------+-------++-------
Melee: Unarmed           |    18 |    11 ||    29
